Map: Ephemeron LE

Players

pHARM - Winner!

  • Race: Zerg Zerg
  • League: Platinum
  • Spawn Location: 5:00

Blade

  • Race: Terran Terran
  • League: Diamond
  • Spawn Location: 11:00

VOD

Have the link to the VOD?

Description

Time

  • Played on: Sept. 17, 2019, 12:23 a.m.
  • Length: 20:18
Show
View Real Time Build Order
Export as new Build Order

pHARM Zerg - Winner!

Build Orders: Hatch First 

Get SALT Encoding   

  12  0:03  Drone  
  13  0:16  Overlord  
  13  0:19  Drone  
  14  0:35  Drone x2  
  16  0:54  Drone  
  17  0:57  Drone  
  17  1:01  Hatchery  
  17  1:03  Drone  
  18  1:19  Spawning Pool  
  18  1:22  Drone x2  
  19  1:36  Drone  
  20  1:41  Extractor  
  20  1:45  Drone  
  20  1:53  Overlord  
  20  2:07  Drone  
  21  2:14  Queen x2  
  25  2:16  Drone x2  
  27  2:24  Spine Crawler  
  26  2:31  Zergling x4  
  26  2:35  Overlord  
  28  2:40  Metabolic Boost  
  28  3:05  Drone  
  28  3:06  Drone x4  
  33  3:28  Drone  
  33  3:29  Drone x6  
  40  3:45  Extractor  
  40  3:46  Extractor  
  38  3:51  Drone x6  
  38  3:54  Lair  
  44  4:20  Hatchery  
  44  4:23  Drone  
  44  4:37  Overlord x3  
  42  4:38  Queen  
  44  4:52  Evolution Chamber  
  43  4:53  Roach Warren  
  43  4:55  Evolution Chamber  
  41  5:21  Zerg Missile Weapons Level 1  
  41  5:24  Zerg Ground Armor Level 1  
  41  5:35  Roach x13  
  68  5:37  Overlord x2  
  68  5:48  Glial Reconstitution  
  68  5:55  Drone x2  
  68  5:56  Drone x4  
  72  6:22  Hatchery  
  71  6:26  Drone x11  
  71  6:32  Extractor  
  81  6:36  Hydralisk Den  
  81  6:39  Infestation Pit  
  59  6:56  Zergling x16  
  63  7:11  Pneumatized Carapace  
  63  7:15  Extractor  
  62  7:16  Zergling x8, Zerg Melee Weapons Level 1  
  62  7:17  Extractor  
  65  7:27  Hive  
  65  7:30  Zerg Ground Armor Level 2  
  65  7:36  Drone x4  
  65  7:37  Drone x5  
  74  7:55  Drone x3  
  77  8:00  Queen  
  79  8:15  Drone  
  79  8:19  Zergling x14  
  90  8:20  Overlord, Zergling x6  
  90  8:30  Hatchery  
  90  8:32  Muscular Augments  
  89  8:41  Baneling Nest  
  66  9:22  Zerg Melee Weapons Level 2  
  66  9:26  Adrenal Glands  
  66  9:33  Zergling x14  
  66  9:34  Zergling x34  
  90  9:43  Grooved Spines  
  90  9:47  Zerg Ground Armor Level 3  
  90  9:52  Zergling x6  
  93  9:53  Zergling x10  
  98  10:00  Hatchery  
  98  10:04  Zergling x14  
  104  10:10  Centrifical Hooks  
  104  10:11  Overlord x4  
  104  10:36  Drone  
  104  10:37  Drone x10  
  104  10:40  Drone x4  
  119  10:57  Extractor  
  119  11:02  Hydralisk x9  
  136  11:13  Baneling x15  
  136  11:14  Baneling x9  
  136  11:15  Baneling x7  
  136  11:16  Overlord x4  
  136  11:38  Zerg Missile Weapons Level 2  
  136  11:42  Ultralisk Cavern  
  135  11:57  Hydralisk x3  
  135  11:58  Hydralisk x12  
  135  11:59  Overlord x10  
  135  12:00  Overlord x5  
  133  12:43  Zergling x20  
  133  12:44  Zergling x26  
  152  12:47  Overseer x6  
  152  12:49  Zerg Melee Weapons Level 3  
  153  12:52  Chitinous Plating  
  153  12:55  Ultralisk x3  
  171  13:14  Ultralisk x3  
  189  13:30  Extractor  
  188  13:54  Ultralisk x2  
  200  14:13  Baneling x11  
  200  14:14  Baneling x2  
  200  14:15  Baneling x4  
  200  15:24  Zerg Missile Weapons Level 3  
  195  15:38  Hatchery  
  141  15:52  Ultralisk x8  
  141  15:53  Zergling x2, Ultralisk x2  
  200  16:04  Zergling x30  
  183  16:05  Zergling x14  
  193  16:32  Baneling x11  
  193  16:33  Baneling x7  
  193  16:43  Drone x6  
  199  17:06  Hatchery  
  182  17:30  Zergling x38  
  200  17:50  Hatchery  
  199  18:03  Hatchery  
  185  18:51  Zergling x2  
  185  18:52  Zergling x28  
  197  19:16  Baneling  
  197  19:17  Baneling x6  
  197  19:19  Zergling x2  
  197  19:20  Zergling x10  
Show
View Real Time Build Order
Export as new Build Order

Blade Terran 

Build Orders:  

Get SALT Encoding   

  12  0:01  SCV  
  13  0:13  SCV  
  14  0:20  Supply Depot  
  14  0:25  SCV  
  15  0:41  SCV  
  16  0:43  Barracks  
  16  0:50  Refinery  
  16  0:53  SCV  
  17  1:06  SCV  
  18  1:18  SCV  
  19  1:30  SCV  
  20  1:36  Command Center  
  20  1:38  Reaper  
  21  1:45  SCV  
  22  1:58  Orbital Command  
  22  2:10  Bunker  
  22  2:18  Factory  
  22  2:20  Supply Depot  
  22  2:27  Barracks Reactor  
  22  2:31  SCV  
  23  2:37  Refinery  
  23  3:05  Orbital Command  
  23  3:12  Command Center  
  23  3:15  SCV  
  24  3:22  Hellion, Barracks Tech Lab  
  24  3:27  SCV  
  27  3:37  Orbital Command  
  28  3:44  Hellion x2  
  31  3:49  Marauder  
  33  4:03  SCV x2  
  33  4:05  Hellion x2  
  39  4:11  Concussive Shells  
  39  4:13  Marauder  
  39  4:15  SCV  
  39  4:16  SCV  
  43  4:22  Starport  
  43  4:25  Engineering Bay x2  
  43  4:26  SCV  
  43  4:28  SCV x2  
  46  4:34  Supply Depot  
  46  4:35  Supply Depot  
  47  4:38  SCV  
  47  4:47  SCV x2  
  47  4:50  SCV  
  50  4:55  Stimpack  
  50  4:57  Widow Mine  
  50  4:59  SCV x2  
  54  5:02  SCV  
  55  5:11  SCV x2  
  57  5:27  SCV x3  
  60  5:31  Refinery  
  60  5:37  Supply Depot x2  
  60  5:38  Supply Depot  
  60  5:39  SCV x2  
  60  5:40  SCV  
  63  5:51  SCV x2  
  63  5:52  SCV  
  63  5:53  Marauder  
  63  5:56  Medivac  
  70  6:03  Barracks  
  67  6:06  Barracks x2  
  65  6:21  Marauder  
  65  6:25  Factory Tech Lab  
  67  6:30  Bunker x2  
  67  6:35  Combat Shield  
  63  7:00  Marauder  
  63  7:02  Barracks Tech Lab  
  63  7:05  Siege Tank  
  63  7:07  Medivac  
  68  7:09  Barracks Reactor  
  68  7:11  Orbital Command  
  68  7:15  Command Center  
  68  7:17  Command Center, Terran Infantry Armor Level 1, Terran Infantry Weapons Level 1  
  68  7:19  SCV x2, Armory  
  70  7:24  Refinery  
  70  7:31  SCV  
  70  7:32  SCV, Supply Depot  
  72  7:39  Starport Reactor  
  72  7:44  Marauder x2  
  76  7:55  Siege Tank  
  79  8:00  Marine x4  
  83  8:06  Marauder  
  83  8:07  Marauder  
  87  8:18  Marine x4  
  91  8:22  Supply Depot x2  
  91  8:23  Supply Depot  
  91  8:28  Supply Depot  
  91  8:40  Orbital Command  
  91  8:47  Missile Turret  
  91  8:49  Missile Turret  
  91  8:52  Missile Turret  
  91  8:55  Missile Turret  
  91  8:58  Missile Turret x2  
  91  8:59  Missile Turret  
  91  9:00  SCV x3  
  96  9:03  Marine x2, Marauder x2, Missile Turret  
  96  9:04  Missile Turret  
  86  9:13  Marine x2  
  83  9:18  Planetary Fortress  
  83  9:20  SCV x3  
  83  9:21  Marine x2, SCV  
  91  9:24  Marauder x2  
  91  9:31  Marine x2, Command Center  
  94  9:32  SCV x3  
  94  9:33  SCV  
  94  9:34  Terran Infantry Armor Level 2  
  94  9:36  Terran Infantry Weapons Level 2  
  94  9:37  Terran Vehicle Weapons Level 1  
  99  9:39  Marine x2  
  99  9:42  Armory  
  99  9:44  SCV x2  
  99  9:45  Marine  
  105  9:46  Marauder  
  105  9:48  Marine, Siege Tank  
  105  9:49  Marine  
  111  9:53  Supply Depot  
  111  9:56  Marine  
  111  9:57  Marine  
  111  9:58  Supply Depot  
  113  10:03  Marine, Supply Depot  
  113  10:06  Marine  
  115  10:07  Supply Depot  
  115  10:10  Refinery  
  115  10:11  Marine, Marauder, Refinery  
  118  10:14  Marine x2  
  118  10:20  Siege Tank  
  123  10:21  Marauder  
  123  10:24  Marine  
  123  10:26  Barracks x3  
  123  10:28  Barracks  
  126  10:29  Marine  
  126  10:30  Supply Depot  
  126  10:31  Supply Depot  
  126  10:32  Marine  
  126  10:33  Marauder, Missile Turret  
  130  10:48  Marine x4  
  134  10:50  Marine  
  134  10:53  Marine  
  134  10:54  Missile Turret  
  134  10:56  Planetary Fortress  
  136  11:01  Missile Turret  
  136  11:26  Missile Turret  
  136  11:27  Marine x2  
  136  11:28  Marine x4  
  136  11:29  Thor  
  136  11:31  Barracks Reactor  
  136  11:32  Barracks Reactor x3  
  148  11:41  Factory  
  148  11:42  Factory  
  148  11:45  Marine  
  149  11:47  Terran Vehicle Weapons Level 2  
  149  11:48  Terran Vehicle And Ship Armor Level 1  
  148  12:12  Factory, Thor  
  148  12:14  SCV x6  
  159  12:26  SCV  
  140  12:39  Marine x3  
  140  12:40  Marine x11  
  154  12:47  Missile Turret  
  154  12:51  Medivac x2  
  156  12:54  Factory Tech Lab  
  156  12:55  Factory Tech Lab x2  
  156  12:57  Marine x9  
  156  12:58  Marine x5  
  172  13:02  Refinery  
  172  13:05  Refinery  
  172  13:09  Missile Turret  
  172  13:15  Marine x2  
  164  13:37  Siege Tank x4  
  158  14:09  Siege Tank x3  
  168  14:10  Siege Tank  
  168  14:41  Siege Tank x2  
  168  14:42  Siege Tank x2  
  180  14:50  Missile Turret  
  180  15:13  Thor x3  
  134  16:04  Marine x11  
  134  16:05  Marine x3  
  135  16:14  Thor x3  
  139  16:22  Marine x14  
  144  16:30  Factory  
  144  16:40  Marine x5  
  144  16:41  Command Center  
  144  16:43  Terran Vehicle And Ship Armor Level 2  
  144  16:45  Command Center  
  144  16:47  Terran Vehicle Weapons Level 3  
  149  16:54  Marine x9  
  149  16:57  Marine, Medivac x2  
  149  16:58  Marine x4  
  167  17:12  Marine x9  
  176  17:19  Starport  
  176  17:21  Terran Infantry Armor Level 3, Terran Infantry Weapons Level 3  
  176  17:27  Medivac x2  
  180  17:33  Thor x2  
  180  17:35  Factory Tech Lab  
  192  17:44  Factory Tech Lab  
  192  17:57  Medivac x2  
  192  18:12  Thor  
  192  18:14  Orbital Command  
  193  19:27  Planetary Fortress  
Tags
 
Matchup
TvZ
Replay Pack
10.7.19
Spawn Locations
Cross Positions
Add a new tag
Caveats
  • Supply blocks, unpowered buildings, or Contaminate may cause inaccurate times.
  • Supply counts are checked every 10 seconds.